 Dungeon Crawl Stone Soup version 0.32-a0-120-gfac0567ad4 (webtiles) character file.

Game seed: 234652036888350349

5 Bravepunisher the Ducker (level 1, -2/11 HPs)
             Began as a Spriggan Monk on Feb 6, 2024.
             Slain by a gnoll
             ... wielding a +0 flail
              (11 damage)
             ... on level 3 of the Dungeon.
             The game lasted 00:01:30 (253 turns).

Bravepunisher the Ducker (Spriggan Monk)             Turns: 253, Time: 00:01:31

Health: -2/11      AC:  2    Str:  7    XL:     1   Next: 66%
Magic:  2/2        EV: 18    Int: 11    God:
Gold:   0          SH:  0    Dex: 20    Spells: 0/0 levels left

rFire   . . .        a - +0 short sword
rCold   . . .        e - +4 buckler of Vuvvem {Dex+3}
rNeg    . . .        b - +0 robe
rPois   .            (helmet restricted)
rElec   .            (no cloak)
rCorr   .            (gloves unavailable)
SInv    +            (boots unavailable)
Will    .....        (no amulet)
Stlth   +            (no ring)
HPRegen 0.21/turn    (no ring)
MPRegen 0.08/turn

%: no passive effects
@: confused, ambrosia-drunk, very quick
A: very small, no large weapons, unfitting armour, see invisible, speed 3
a: no special abilities


You were on level 3 of the Dungeon.
You visited 1 branch of the dungeon, and saw 3 of its levels.

Inventory:

Hand Weapons
 a - a +0 short sword (weapon)
Armour
 b - a +0 robe (worn)
 e - the +4 buckler of Vuvvem (worn) {Dex+3}
   (You found it on level 3 of the Dungeon)

   Dex+3:     It affects your dexterity (+3).


   Skills:
 + Level 2.5 Fighting
 - Level 3.2 Short Blades
 * Level 4.3 Dodging


You couldn't memorise any spells.
You didn't know any spells.
Your spell library was empty.

Dungeon Overview and Level Annotations

Branches:
Dungeon (3/15)

Altars:

Annotations:
D:3 Terence


Innate Abilities, Weirdness & Mutations

You are very small and have problems with some larger weapons.
You are too small for most types of armour.
You have supernaturally acute eyesight. (SInv)
You cover ground extremely quickly. (Speed+++)


Message History

Found 10 gold pieces.
The orc wizard casts a spell at you. You resist with significant effort.
Okay, then.
As you read the scroll labelled JOKHLI XILOE, it crumbles to dust.
It is a scroll of identify.
You don't currently have any unidentified items.
You hit the orc but do no damage.
The orc wizard gestures wildly while chanting.
The orc wizard flickers and vanishes for a moment.
The orc misses you.
You hit the orc.
The orc is moderately wounded.
The orc completely misses you.
You hit the orc.
You kill the orc!
You barely miss the gnoll. The orc wizard casts a spell at you.
You are confused.
The gnoll hits you with a +0 flail.
Unknown command.
You are more confused.
You feel invigorated. The gnoll misses you.
The orc wizard points at you and mumbles some strange words.
The magic dart hits you. The gnoll misses you.
You're too confused to move!
The gnoll hits you from afar with a +0 spear.
The gnoll hits you with a +0 flail!
Ouch! That really hurt!
* * * LOW HITPOINT WARNING * * *
You bump into the rock wall.
The gnoll hits you from afar with a +0 spear.
* * * LOW HITPOINT WARNING * * *
The gnoll barely misses you.
You barely miss the gnoll. The gnoll closely misses you.
You hit the gnoll.
The gnoll is lightly wounded.
The gnoll hits you with a +0 flail!
Ouch! That really hurt!
You die...

#.# #.# #.# # #.# #.#
#.# #.#. #.####g#
######.##.....
#.....g####.g.?.........
######......####.###...#
#o###### #.# ## #.# #g#
#.# #g# #.#########@#
#[o...gg.o..#
#############


You could see an orc wizard (invisible), 3 gnolls and a hobgoblin.

Vanquished Creatures
  An orc (D:3)
  A kobold (D:2)
  A frilled lizard (D:1)
  2 rats
5 creatures vanquished.

Notes
Turn   | Place    | Note
-------+----------+-------------------------------------------
     0 | D:1      | Bravepunisher the Spriggan Monk began the quest for the
                  | Orb.
     0 | D:1      | Reached XP level 1. HP: 11/11 MP: 2/2
   113 | D:3      | Noticed Terence
   147 | D:3      | Noticed an orc wizard
   148 | D:3      | Noticed an orc wizard
   206 | D:3      | Identified the +4 buckler of Vuvvem {Dex+3}
   253 | D:3      | Slain by a gnoll

Illustrated notes

Levels and vault maps discovered:
D:1:      lightli_arrival_boilingwater, layout_loops_ring, serial_aquarium,
          aquarium_bridge_straight [aquarium_subvault_bridge,
          aquarium_subvault_balcony, aquarium_subvault_bridge,
          aquarium_subvault_wall], aquarium_bridge_square
          [aquarium_subvault_bridge, aquarium_subvault_window,
          aquarium_subvault_bridge, aquarium_subvault_bridge],
          aquarium_window_2, aquarium_window_corridor_3, aquarium_view_2b,
          aquarium_balcony_double_4, aquarium_pool_corner
D:2:      layout_basic, minmay_tree_intersection, uniq_jessica
D:3:      layout_loops_ring, minmay_strange_pillars, uniq_terence

Action                     || total
---------------------------++-------
  Melee: Short sword       ||    16
    Use: Scroll            ||     1
         Potion            ||     1
 Armour: Robe              ||     9
  Dodge: Dodged            ||    17

Table legend: (Time is in decaauts)
 A = Elapsed time spent in this place.
 B = Non-inter-level travel time spent in this place.
 C = Inter-level travel time spent in this place.
 D = Time resting spent in this place.
 E = Time spent auto-exploring this place.
 F = Levels seen in this place.
 G = Mean time per level.
                   A        B        C        D        E       F      G
               +--------+--------+--------+--------+--------+-----+--------+
         Total |    167 |    167 |      0 |      0 |     48 |   3 |   55.7 |
       Dungeon |    167 |    167 |      0 |      0 |     48 |   3 |   55.7 |
               +--------+--------+--------+--------+--------+-----+--------+

Top non-repeatable levels by time:
     D:3: 119 daAuts
     D:1: 27 daAuts
     D:2: 20 daAuts
